 Dungeon Crawl Stone Soup version 0.30.1 (webtiles) character file.

Game seed: 9904143293984517480

40 anacleto the Ruffian (level 3, -3/36 HPs)
             Began as a Troll Berserker on July 9, 2023.
             Was a Believer of Trog.
             Slain by Sigmund
             ... wielding a +0 scythe
              (7 damage)
             ... on level 2 of the Dungeon.
             The game lasted 00:01:50 (725 turns).

anacleto the Ruffian (Troll Berserker)               Turns: 725, Time: 00:01:51

Health: -3/36      AC:  4    Str: 27    XL:     3   Next: 30%
Magic:  2/2        EV: 10    Int:  3    God:    Trog [**....]
Gold:   104        SH:  0    Dex:  9    Spells: 2/2 levels left

rFire   . .          .
                       - Unarmed
rCold   . . .        (no shield)
rNeg    . . .        a - +0 animal skin
rPois   .            (helmet restricted)
rElec   .            (no cloak)
rCorr   .            (gloves unavailable)
SInv    .            (boots unavailable)
Will    .....        (no amulet)
Stlth   +            (no ring)
HPRegen 1.06/turn    (no ring)
MPRegen 0.08/turn

%: no passive effects
@: confused
A: large, unfitting armour, claws 3, regeneration 1, shaggy fur 1, tough skin 1
a: Renounce Religion, Berserk, Trog's Hand


You were on level 2 of the Dungeon.
You worshipped Trog.
Trog was pleased with you.
You visited 1 branch of the dungeon, and saw 2 of its levels.

You collected 104 gold pieces.

Inventory:

Missiles
 i - 6 boomerangs (quivered)
Armour
 a - a +0 animal skin (worn)
Jewellery
 d - a ring of poison resistance
Scrolls
 b - 3 scrolls of identify {unknown}
 c - a scroll of amnesia {unknown}
 f - a scroll of teleportation {unknown}
 g - a scroll of brand weapon {unknown}
Potions
 e - a potion of might {unknown}
 h - a potion of invisibility {unknown}
 j - a potion of heal wounds {unknown}


   Skills:
 + Level 2.8 Fighting
 + Level 0.3 Throwing
 - Level 2.4 Dodging
 * Level 3.9 Unarmed Combat


You had 2 spell levels left.
You didn't know any spells.
Your spell library was empty.

Dungeon Overview and Level Annotations

Branches:
Dungeon (2/15)

Altars:

Shops:
D:2 =

Annotations:
D:2 Sigmund


Innate Abilities, Weirdness & Mutations

You are too large for most types of armour.
You have claws for hands.
Your natural rate of healing is unusually fast.
You are covered in fur. (AC +1)
You have tough skin. (AC +1)


Message History

Sigmund is lightly wounded.
You closely miss Sigmund.
Sigmund is lightly wounded.
Sigmund hits you with a +0 scythe!
You barely miss Sigmund.
Sigmund is lightly wounded.
Sigmund closely misses you.
You closely miss Sigmund.
Sigmund is lightly wounded.
You scratch Sigmund.
Sigmund is lightly wounded.
Sigmund hits you with a +0 scythe.
You claw Sigmund!
Sigmund is heavily wounded.
You closely miss Sigmund.
Sigmund is heavily wounded.
Sigmund smiles chillingly.
Sigmund hits you with a +0 scythe!
You scratch Sigmund but do no damage.
Sigmund is heavily wounded.
Sigmund mumbles some strange words.
Sigmund flickers and vanishes!
Deactivating autopickup; reactivate with Ctrl-A.
You closely miss something. You scratch something.
You hear some strange, mumbled words.
Something tries to affect you, but you resist.
You miss something.
You hear some strange, mumbled words.
You are confused.
You bump into the rock wall.
You hear some strange, mumbled words.
You are more confused.
You bump into the rock wall.
Something hits you!
* * * LOW HITPOINT WARNING * * *
Something hits you!
* * * LOW HITPOINT WARNING * * *
You bump into the rock wall.
Something hits you!
You die...

##.#.###.......#
#.#..........#.###
##...###.###.#.#.### ##.##
#.# #.#.....## # #.# #.#
#.....#..# ..# #.# #.#
###......###..... #.# ##.#
#..###.........
#.###..#####..###.###.....
#.##.#.......@....# ..#
#.....#.######{#### .
####...## #.).# ##.##
#.....# ##..# #.......#
######...####.........#
............+.........+
######...####....∩.>..#
##.†# ##.......##


There were no monsters in sight!

Vanquished Creatures
  An adder (D:2)
  A dart slug (D:1)
  A ball python (D:1)
  2 endoplasms (D:1)
  4 giant cockroaches
  3 goblins
  3 hobgoblins
  4 jackals (D:1)
  A quokka (D:1)
  2 bats (D:1)
  2 frilled lizards (D:1)
24 creatures vanquished.

Notes
Turn   | Place    | Note
-------+----------+-------------------------------------------
     0 | D:1      | anacleto the Troll Berserker began the quest for the Orb.
     0 | D:1      | Reached XP level 1. HP: 22/22 MP: 0/0
   156 | D:1      | Reached XP level 2. HP: 27/29 MP: 1/1
   680 | D:2      | Reached ** piety under Trog
   681 | D:2      | Reached XP level 3. HP: 36/36 MP: 2/2
   696 | D:2      | Found Jahaus's Jewellery Shoppe.
   697 | D:2      | Noticed Sigmund
   723 | D:2      | HP: 1/36 [something (10)]
   725 | D:2      | Slain by Sigmund

Illustrated notes

Levels and vault maps discovered:
D:1:      evilmike_arrival_rings, layout_rooms
D:2:      layout_loops_corners, serial_shops, shop, nicolae_shop_stone,
          uniq_sigmund, uniq_robin

Action                     || total
---------------------------++-------
  Melee: Unarmed           ||    73
         Punch             ||     3
 Armour: Animal skin       ||    29
  Dodge: Dodged            ||    34
